 Dungeon Crawl Stone Soup version 0.22.1-2-g9c5b331 (webtiles) character file.

660565 Mesmaeker13 the Slayer (level 26, -13/376 HPs)
             Began as a Demigod Fighter on Dec 12, 2018.
             Mangled by a red draconian
             ... wielding a +0 trident
              (16 damage)
             ... on level 1 of the Realm of Zot on Dec 13, 2018.
             The game lasted 03:50:19 (70218 turns).

Mesmaeker13 the Slayer (Demigod Fighter)           Turns: 70218, Time: 03:50:20

Health: -13/376    AC: 43    Str: 39    XL:     26   Next: 63%
Magic:  46/46      EV: 20    Int: 21    God:
Gold:   6457       SH: 20    Dex: 19    Spells: 31/45 levels left

rFire    + + .     SeeInvis .   F - +7 demon blade (vamp)
rCold    + . .     Gourm    .   T - +4 shield {AC+3}
rNeg     + + .     Faith    .   q - +9 plate armour "Poirphuo" {rN+ Str+10 Int+3 Stlth-}
rPois    +         Spirit   .   X - +2 hat {MR+}
rElec    .         Reflect  .   B - scarf {rC+ rF+}
rCorr    +         Harm     .   R - +3 pair of gauntlets of War {Slay+5}
MR       +++..     Rnd*Tele +   U - +2 pair of boots {Stlth+}
Stlth    ..........             x - amulet of Ixkeufal {Regen+ Str+2 Int+4}
HPRegen  1.12/turn              Y - ring of resist corrosion
MPRegen  0.30/turn              D - ring of Pefah {rPois rF+ rN+ Str-3}

@: berserking, slowed
A: blurry vision 1, clumsy 1, dopey 2, high mp 2, poison resistance, screaming
1, strong 1, teleportitis 1, evolution 1, subdued magic 1
}: 3/15 runes: decaying, serpentine, silver
a: no special abilities


You were on level 1 of the Realm of Zot.
You were not hungry.

You visited 12 branches of the dungeon, and saw 50 of its levels.
You visited the Abyss 1 time.
You visited 1 bazaar.
You visited 1 ziggurat, and saw 7 of its levels.
You also visited: Sewer, Ice Cave and Volcano.

You collected 9217 gold pieces.
You spent 2760 gold pieces at shops.

Inventory:

Hand Weapons
 t - a +3 double sword of holy wrath
 F - a +7 vampiric demon blade (weapon)
Missiles
 o - 18 javelins (quivered)
 P - 2 throwing nets
Armour
 l - the +1 cloak of Starlight {rElec rC+ EV+4 Stlth--}
   (You found it on level 2 of the Swamp)

   It affects your evasion (+4).
   It protects you from cold.
   It insulates you from electricity.
   It makes you much less stealthy.
 q - the +9 plate armour "Poirphuo" (worn) {rN+ Str+10 Int+3 Stlth-}
   (You acquired it on level 1 of the Lair of Beasts)

   It affects your strength (+10).
   It affects your intelligence (+3).
   It protects you from negative energy.
   It makes you less stealthy.
 B - a scarf of resistance (worn)
 R - the +3 pair of gauntlets of War (worn) {Slay+5}
   (You bought it in a shop in a bazaar)

   It affects your accuracy and damage with ranged weapons and melee attacks
   (+5).
 T - a +4 shield of protection (worn)
 U - a +2 pair of boots of stealth (worn)
 X - a +2 hat of magic resistance (worn)
Jewellery
 a - a +5 ring of evasion
 c - the ring of Alitivod {rC+ Dex+2 Slay+6}
   (You found it on level 2 of the Swamp)

   [ring of dexterity]

   It affects your dexterity (+2).
   It affects your accuracy and damage with ranged weapons and melee attacks
   (+6).
   It protects you from cold.
 k - an uncursed ring of protection from magic
 v - the ring "Doisia" {rElec rC+ rN+ Str+3 Dex+6}
   (You bought it in a shop on level 3 of the Elven Halls)

   [ring of protection from cold]

   It affects your strength (+3).
   It affects your dexterity (+6).
   It protects you from cold.
   It insulates you from electricity.
   It protects you from negative energy.
 x - the amulet of Ixkeufal (around neck) {Regen+ Str+2 Int+4}
   (You found it on level 3 of the Crypt)

   [amulet of regeneration]

   It affects your strength (+2).
   It affects your intelligence (+4).
   It increases your rate of regeneration.
 D - the ring of Pefah (right hand) {rPois rF+ rN+ Str-3}
   (You took it off a vampire knight on level 4 of the Depths)

   [ring of strength]

   It affects your strength (-3).
   It protects you from fire.
   It protects you from poison.
   It protects you from negative energy.
 Y - a ring of resist corrosion (left hand)
Wands
 d - a wand of digging (39)
Scrolls
 e - 2 scrolls of silence
 j - 7 scrolls of teleportation
 m - a scroll of enchant weapon
 n - 2 scrolls of blinking
 s - 5 scrolls of remove curse
 u - 3 scrolls of fear
 w - a scroll of identify
 z - 7 scrolls of magic mapping
 H - 6 scrolls of fog
 I - a scroll of holy word
 V - 4 scrolls of summoning
Potions
 g - 3 potions of curing
 h - 2 potions of flight
 p - 2 potions of berserk rage
 r - 2 potions of ambrosia
 A - 4 potions of agility
 C - 6 potions of haste
 J - 3 potions of cancellation
 K - a potion of invisibility
 N - 2 potions of resistance
 S - 3 potions of might
Miscellaneous
 W - 2 phantom mirrors
Comestibles
 f - 23 rations


   Skills:
 + Level 23.4 Fighting
 - Level 16.0 Long Blades
 - Level 7.0 Throwing
 + Level 22.3 Armour
 - Level 14.1 Dodging
 - Level 15.0 Shields
 - Level 10.0 Spellcasting
 - Level 9.2 Hexes
 - Level 8.0 Charms
 + Level 13.6 Necromancy
 - Level 7.2 Evocations


You had 31 spell levels left.
You knew the following spells:

 Your Spells              Type           Power        Failure   Level  Hunger
a - Song of Slaying       Chrm           ####....     1%          2    None
b - Spectral Weapon       Hex/Chrm       #####...     1%          3    None
c - Regeneration          Chrm/Necr      #####.....   1%          3    None
d - Death Channel         Necr           ######....   8%          6    ######.

Your spell library contained the following spells:

 Spells                   Type           Power        Failure   Level  Hunger
 Corona                   Hex            #####..      1%          1    None
 Infusion                 Chrm           ####         1%          1    None
 Slow                     Hex            #####...     1%          2    None
 Confuse                  Hex            #####...     1%          3    None
 Tukima's Dance           Hex            #####...     1%          3    None
 Animate Dead             Necr           N/A          1%          4    ##.....
 Agony                    Necr           ######..     1%          5    ####...
 Dispel Undead            Necr           ######..     1%          5    ####...
 Ensorcelled Hibernation  Hex/Ice        ###...       3%          2    None
 Shroud of Golubria       Chrm/Tloc      ###.......   3%          2    None
 Swiftness                Chrm/Air       ###.....     3%          2    None
 Cause Fear               Hex            #####.....   3%          4    ##.....
 Dazzling Spray           Conj/Hex       ###...       6%          3    None
 Inner Flame              Hex/Fire       ###.....     6%          3    None
 Portal Projectile        Hex/Tloc       ###...       6%          3    None
 Summon Guardian Golem    Hex/Summ       ###.....     6%          3    None
 Beastly Appendage        Tmut           #.....       14%         1    None
 Flame Tongue             Conj/Fire      #....        14%         1    None
 Magic Dart               Conj           #...         14%         1    None
 Sandblast                Erth           #.....       14%         1    None
 Shock                    Conj/Air       #...         14%         1    None
 Sting                    Conj/Pois      #...         14%         1    None
 Summon Butterflies       Summ           #.......     14%         1    None
 Summon Small Mammal      Summ           #...         14%         1    None
 Blink                    Tloc           N/A          22%         2    None
 Call Imp                 Summ           #.......     22%         2    None
 Passwall                 Tmut/Erth      #.......     22%         2    None
 Poisonous Vapours        Pois/Air       #.....       22%         2    None
 Searing Ray              Conj           #.....       22%         2    None
 Sticks to Snakes         Tmut           #.......     22%         2    None
 Throw Flame              Conj/Fire      #.....       22%         2    None
 Fulminant Prism          Conj/Hex       ###.......   22%         4    ##.....
 Leda's Liquefaction      Hex/Erth       ###.......   22%         4    ##.....
 Bolt of Draining         Conj/Necr      ####......   26%         5    ####...
 Borgnjor's Vile Clutch   Necr/Erth      ####......   26%         5    ####...
 Call Canine Familiar     Summ           #.......     41%         3    None
 Conjure Flame            Conj/Fire      #.......     41%         3    None
 Gell's Gravitas          Tloc           #.........   41%         3    None
 Ignite Poison            Fire/Tmut/Pois #.......     41%         3    None
 Lesser Beckoning         Tloc           #.........   41%         3    None
 Mephitic Cloud           Conj/Pois/Air  #.......     41%         3    None
 Recall                   Summ/Tloc      N/A          41%         3    None
 Spider Form              Tmut/Pois      #.........   41%         3    None
 Stone Arrow              Conj/Erth      #.....       41%         3    None
 Teleport Other           Tloc           #.......     41%         3    None
 Darkness                 Hex            #####.....   47%         6    ######.
 Invisibility             Hex            #####...     47%         6    ######.
 Metabolic Englaciation   Hex/Ice        ###.......   54%         5    ####...
 Silence                  Hex/Air        ###.......   54%         5    ####...
 Summon Mana Viper        Hex/Summ       ###.....     54%         5    ####...
 Force Lance              Conj/Tloc      #.......     83%         4    ##.....
 Ice Form                 Ice/Tmut       #.......     83%         4    ##.....
 Iskenderun's Mystic Bla  Conj           #.......     83%         4    ##.....
 Olgreb's Toxic Radiance  Pois           #.......     83%         4    ##.....
 Passage of Golubria      Tloc           N/A          83%         4    ##.....
 Petrify                  Tmut/Erth      #.......     83%         4    ##.....
 Sticky Flame             Conj/Fire      #.......     83%         4    ##.....
 Summon Ice Beast         Ice/Summ       #.......     83%         4    ##.....
 Summon Lightning Spire   Summ/Air       #.......     83%         4    ##.....
 Simulacrum               Ice/Necr       ####......   83%         6    ######.
 Blade Hands              Tmut           #.........   99%         5    ####...
 Bolt of Magma            Conj/Fire/Erth #.........   99%         5    ####...
 Fireball                 Conj/Fire      #.........   99%         5    ####...
 Lee's Rapid Deconstruct  Erth           #.........   99%         5    ####...
 Venom Bolt               Conj/Pois      #.........   99%         5    ####...
 Borgnjor's Revivificati  Necr           ######....   99%         8    #######
 Infestation              Necr           ######....   99%         8    #######
 Bolt of Cold             Conj/Ice       #.........   100%        6    ######.
 Bolt of Fire             Conj/Fire      #.........   100%        6    ######.
 Freezing Cloud           Conj/Ice/Air   #.........   100%        6    ######.
 Iron Shot                Conj/Erth      #.........   100%        6    ######.
 Ozocubu's Refrigeration  Ice            #.........   100%        6    ######.
 Poison Arrow             Conj/Pois      #.........   100%        6    ######.
 Statue Form              Tmut/Erth      #........    100%        6    ######.
 Dragon Form              Tmut           #.........   100%        7    #######
 Haunt                    Necr/Summ      ####......   100%        7    #######
 Ring of Flames           Chrm/Fire      ###.......   100%        7    #######
 Summon Hydra             Summ           #.........   100%        7    #######
 Chain Lightning          Conj/Air       #.........   100%        8    #######
 Death's Door             Chrm/Necr      #####.....   100%        8    #######
 Ignition                 Fire           #.........   100%        8    #######
 Lehudib's Crystal Spear  Conj/Erth      #.........   100%        8    #######
 Necromutation            Tmut/Necr      ####......   100%        8    #######
 Dragon's Call            Summ           #.........   100%        9    #######
 Fire Storm               Conj/Fire      #.........   100%        9    #######
 Glaciate                 Conj/Ice       #.........   100%        9    #######
 Shatter                  Erth           #.........   100%        9    #######


Dungeon Overview and Level Annotations

Branches:
Dungeon (15/15)            Temple (1/1) D:6            Lair (6/6) D:11
  Swamp (4/4) Lair:3        Snake (4/4) Lair:3        Slime (1/5) Lair:5
    Orc (2/2) D:9             Elf (3/3) Orc:2        Vaults (5/5) D:14
  Crypt (3/3) Vaults:2       Tomb (0/3) Crypt:3      Depths (5/5) D:15
    Zot (1/5) Depths:5

Shops:
Orc:1 !*   Orc:2 =*(*   Elf:2 %   Elf:3 =   Snake:2 %   Snake:3 ==}*
Vaults:1 !   Vaults:2 %   Vaults:3 [   Vaults:5 =[=

Portals:
Hell: Depths:1 Depths:2 Depths:3 Depths:4 Depths:5
Abyss: Depths:2 Depths:4 Depths:5
Pandemonium: Depths:3

Annotations:
D:7 Grum, Prince Ribbit
Swamp:4 1 exclusion
Elf:3 2 exclusions


Innate Abilities, Weirdness & Mutations

You have a considerably increased reservoir of magic. (+20% MP)
Scrolls take you a little longer to read.
You are clumsy. (Dex -2)
You are very dopey. (Int -4)
Your system is resistant to poisons. (rPois)
You occasionally shout uncontrollably at your foes.
Your muscles are strong. (Str +2)
You are occasionally teleported next to monsters.
You evolve.
Your spells are a little easier to cast, but a little less powerful.


Message History

You feel yourself moving faster!
You feel mighty!
The red draconian hits you but does no damage.
You block the storm dragon's attack. x2
The storm dragon tramples you but does no damage.
The komodo dragon bites you but does no damage.
The yellow draconian knight casts a spell.
The yellow draconian knight flickers and vanishes!
Deactivating autopickup; reactivate with Ctrl-A.
You block the swamp drake's attack.
The storm dragon breathes lightning at you.
The bolt of lightning hits you!
* * * LOW HITPOINT WARNING * * *
The bolt of lightning hits you!
* * * LOW HITPOINT WARNING * * *
The bolt of lightning hits the swamp drake.
The swamp drake dies!
The swamp drake's corpse disappears in a puff of smoke!
The bolt of lightning misses the rime drake.
The red draconian hits you from afar with a trident!
You die...

##.....##...##.....##
#........
#.......#...#.......#
#........
#..?....'...'.)....[#
#........
#......†#...#.......#
.........
##.....##...##.....##
########
##...###...###...##
##### #...# #####
#...###l.[## .
#...##@§k..##
....#...#{Dd....#
....'..ddkq..$..#
....#..d#)......# .
#...##.....##
#...###...## #..d#
##### #...# #.dd#


You could see a storm dragon, a yellow draconian, a green draconian, a purple
draconian, a red draconian, a purple draconian stormcaller, a death drake, a
komodo dragon and a rime drake.

Vanquished Creatures
  Mennas (Vaults:3)
  3 ancient liches
  A greater mummy (Zig:5)
  Margery (Depths:4)
  Sojobo (Depths:2)
  Boris (Vaults:4)
  Xtahua (Crypt:3)
  Saint Roka (Depths:1)
  4 golden dragons
  Nikola (Orc:2)
  3 bone dragons (Abyss:4)
  Jory (Depths:4)
  2 hellephants (Abyss:4)
  8 tentacled monstrosities
  2 Hell Sentinels
  5 liches
  An Ice Fiend (Swamp:2)
  2 deep elf blademasters
  3 quicksilver dragons
  A deep elf master archer (Elf:3)
  6 titans
  11 tentacled starspawn
  An Executioner (Abyss:4)
  3 death cobs
  Gastronok (Orc:1)
  6 sphinxes
  8 shadow dragons
  Kirke (Elf:1)
  3 thorn hunters
  2 ancient champions
  12 tengu reavers
  4 storm dragons
  2 draconian monks (Depths:5)
  Roxanne (Snake:4)
  A draconian knight (Depths:5)
  11 frost giants
  Louise (Snake:4)
  12 nagarajas
  The ghost of Utiaf the Eclecticist, an adept DECj of Vehumet (Elf:2)
  An azure jelly (Slime:1)
  2 balrugs (Abyss:4)
  3 draconian scorchers
  6 deep elf sorcerers
  A caustic shrike zombie (Crypt:2)
  13 fire giants
  14 vault wardens
  4 iron dragons
  A curse skull (Crypt:3)
  9 deep elf elementalists
  2 ghost moths (Depths:4)
  A draconian shifter (Depths:5)
  3 draconian annihilators (Zot:1)
  A cacodemon (Swamp:2)
  3 ghouls
  4 war gargoyles
  12 ironheart preservers
  Nessos (Lair:5)
  The ghost of toffzen the Arsonist, a journeyman DgFE (Lair:6)
  The ghost of lysyklops the Fighter, a journeyman MiFi of the Shining One (Lair:5)
  8 vampire knights
  25 stone giants
  A green draconian (Depths:5)
  14 deep elf demonologists
  16 very ugly things
  4 black draconians
  2 entropy weavers (Vaults:4)
  A lorocyproca (Depths:3)
  3 red draconians
  A white draconian (Zot:1)
  10 deep elf annihilators
  Azrael (D:14)
  4 purple draconians
  2 dire elephants
  9 spark wasps
  7 yellow draconians
  2 spark wasps (shapeshifter) (Vaults:5)
  10 deep elf death magi
  3 eidola
  2 green deaths (Swamp:4)
  15 ettins
  8 fire dragons
  A blizzard demon (IceCv)
  Josephine (Lair:6)
  14 yaktaur captains
  5 jiangshi
  14 ogre magi
  16 great orbs of eyes
  13 rakshasas
  15 naga warriors
  34 vault guards
  A quicksilver dragon skeleton (Abyss:3)
  8 deep elf high priests
  12 hydras
  10 ice dragons
  3 spriggan air magi
  An ice dragon (shapeshifter) (Vaults:5)
  An anaconda (shapeshifter) (Depths:2)
  9 anacondas
  14 centaur warriors
  2 merfolk aquamancers (Depths:2)
  Erica (D:11)
  5 death knights
  A merfolk avatar (Lair:6)
  34 two-headed ogres
  32 dancing weapons
  10 vampire magi
  10 deep troll earth magi
  13 alligators
  2 titan zombies
  4 hell hogs
  A satyr (Abyss:4)
  17 naga sharpshooters
  13 tengu warriors
  15 deep troll shamans
  11 orc high priests
  A shock serpent (shapeshifter) (Vaults:5)
  4 sun demons (Abyss:4)
  14 thrashing horrors
  2 soul eaters
  Nergalle (Orc:1)
  5 spriggan berserkers
  6 skeletal warriors
  25 hell knights
  9 shock serpents
  A death drake (shapeshifter) (Vaults:4)
  22 deep elf knights
  6 salamander mystics
  43 slime creatures
  8 wretched stars
  A titan skeleton (Crypt:2)
  A spectral catoblepas (Lair:6)
  15 shadow wraiths
  A ghost moth zombie (Abyss:3)
  A spectral death yak (Lair:5)
  31 deep trolls
  8 spatial maelstroms
  5 glowing orange brains
  3 sixfirhies (Abyss:4)
  7 unseen horrors
  An unseen horror (shapeshifter) (Depths:3)
  3 shambling mangroves
  3 iron trolls
  A sea snake (Lair:6)
  A deep troll (shapeshifter) (Vaults:5)
  7 flayed ghosts
  A spriggan druid (Swamp:3)
  13 swamp dragons
  An orange crystal statue (Zig:7)
  7 naga ritualists
  A harpy (shapeshifter) (Vaults:1)
  A swamp dragon (shapeshifter) (Vaults:1)
  40 large abominations
  10 necromancers
  10 ironbrand convokers
  23 phantasmal warriors
  8 wizards
  A wolf spider zombie (Crypt:3)
  10 harpies
  23 deep elf archers
  71 deep elf magi
  5 manticores
  16 mana vipers
  3 orc sorcerers
  9 orc knights
  A fire giant zombie (D:15)
  5 wolf spiders
  60 ugly things
  An oklob plant (Lair:6)
  3 tengu skeletons
  2 salamanders (shapeshifter) (Vaults:1)
  A manticore (shapeshifter) (Vaults:5)
  An elephant (shapeshifter) (Depths:1)
  A moth of wrath (shapeshifter) (Vaults:1)
  A stone giant zombie (D:15)
  8 guardian serpents
  6 cyclopes
  A shining eye (Slime:1)
  11 worldbinders
  3 black mambas (shapeshifter)
  33 black mambas
  12 elephants
  7 moths of wrath (Zot:1)
  14 salamanders
  A frost giant skeleton (Crypt:2)
  2 rust devils
  4 apocalypse crabs
  16 vault sentinels
  18 spiny frogs
  18 naga magi
  7 orange demons
  2 ice statues (IceCv)
  15 smoke demons
  A storm dragon simulacrum (Vaults:3)
  2 water nymphs (Abyss:4)
  4 gargoyles (Crypt:3)
  2 hellions
  5 rime drakes
  2 rime drakes (shapeshifter)
  A spriggan skeleton (Zig:5)
  4 demonic crawlers
  13 freezing wraiths
  A pale draconian skeleton (Crypt:1)
  A green draconian skeleton (Crypt:1)
  4 efreet (Abyss:4)
  2 dire elephant skeletons
  A spark wasp simulacrum (Zig:5)
  4 kobold demonologists
  2 hellwings
  11 komodo dragons
  A guardian mummy (Zig:5)
  56 yaktaurs
  6 polar bears
  9 ancient zymes
  14 ice devils
  2 hydra zombies
  3 tengu conjurers
  A troll (shapeshifter) (D:14)
  7 trolls
  A wind drake (shapeshifter) (Vaults:3)
  10 tyrant leeches
  6 red devils
  3 merfolk (Depths:2)
  2 moth of wrath zombies (Crypt:2)
  A spriggan zombie (D:15)
  3 hydra skeletons
  23 hornets
  40 raiju
  9 blink frogs
  An ettin zombie (Crypt:3)
  2 fire dragon zombies
  Grinder (D:4)
  18 bog bodies
  8 hippogriffs
  A shadow dragon simulacrum (Zig:5)
  An ice dragon zombie (Abyss:1)
  A human simulacrum (Vaults:2)
  10 shadows
  56 starcursed masses
  5 flying skulls (Crypt:1)
  2 spectral black mambas (Lair:5)
  Sigmund (D:3)
  5 air elementals
  7 water elementals
  9 spriggans
  A spriggan (shapeshifter) (Vaults:3)
  A yak (shapeshifter) (Vaults:2)
  2 tarantellas
  A tarantella (shapeshifter) (Vaults:4)
  2 redbacks (Vaults:4)
  An ettin skeleton (Vaults:3)
  8 vampires
  15 fire bats
  9 ynoxinuls
  4 hogs (Elf:1)
  An ushabti (Zig:5)
  22 small abominations
  26 wraiths
  2 basilisks (D:14)
  10 neqoxecs
  12 wyverns
  17 yaks
  4 hungry ghosts
  A golden eye (Abyss:3)
  6 chaos spawn
  A human (shapeshifter) (Depths:1)
  2 steam dragons
  4 fire elementals
  12 wargs
  20 vampire mosquitoes
  6 spatial vortices (Abyss:4)
  A soldier ant (shapeshifter) (Depths:3)
  A spectral spiny frog (Lair:6)
  68 nagas
  20 insubstantial wisps
  A water nymph zombie (Crypt:2)
  3 soldier ants
  7 swamp worms
  10 hell hounds
  An acid dragon (Vaults:2)
  A spiny frog zombie (Crypt:3)
  8 water moccasins
  13 porcupines
  A hydra simulacrum (Crypt:1)
  A deep troll skeleton (Crypt:1)
  2 ice beasts
  5 eyes of draining
  38 orc warriors
  13 swamp drakes
  Purgy (Sewer)
  3 sky beasts
  3 black bears
  5 necrophages
  A phantom (D:12)
  A swamp dragon zombie (Crypt:3)
  An ice dragon simulacrum (Crypt:1)
  10 centaurs
  39 ogres
  9 boggarts
  7 wolves
  A human skeleton (Vaults:3)
  3 snapping turtle skeletons
  13 crocodiles
  2 big kobolds
  21 bullfrogs
  3 yaktaur zombies
  A gnoll sergeant (D:7)
  A hippogriff skeleton (Crypt:2)
  7 earth elementals
  A spiny frog simulacrum (Lair:6)
  7 scorpions
  A warg zombie (Crypt:1)
  12 killer bees
  25 wights
  3 electric eels
  2 howler monkeys
  10 crimson imps
  A bullfrog zombie (D:6)
  6 centaur zombies
  5 quasits
  A wolf skeleton (Crypt:1)
  5 hounds
  6 jellies
  43 orc priests
  Crazy Yiuf (D:2)
  24 orc wizards
  3 bullfrog skeletons
  5 centaur skeletons
  10 iron imps
  4 iguanas
  Terence (D:2)
  7 worker ants
  2 killer bee zombies
  A naga zombie (Crypt:1)
  A tengu zombie (Crypt:1)
  A deep dwarf skeleton (Crypt:2)
  2 hound zombies
  2 hound skeletons
  A howler monkey zombie (D:11)
  2 mummies (Zig:5)
  4 worker ant zombies
  8 gnolls
  A swamp drake zombie (Crypt:1)
  9 adders
  10 shadow imps
  16 white imps
  2 oozes
  10 ufetubi
  A worm zombie (Crypt:2)
  3 adder skeletons (D:4)
  An adder zombie (D:10)
  A worm (D:3)
  A dart slug (D:3)
  9 leopard geckos
  113 orcs
  8 spectral bats (Abyss:3)
  17 bats
  4 giant cockroaches
  6 goblins
  7 hobgoblins
  8 jackals
  12 kobolds
  6 quokkas
  4 ball pythons
  A ball python skeleton (Crypt:2)
  4 bat simulacra (Abyss:3)
  11 frilled lizards
  A giant cockroach zombie (Crypt:1)
  A jackal skeleton (D:5)
  A kobold simulacrum (Abyss:4)
  A kobold zombie (Crypt:1)
  10 rats
  5 briar patches
  2 crawling corpses (Elf:3)
  A lurking horror (Abyss:4)
  A plant (Lair:6)
  4 starspawn tentacles
2847 creatures vanquished.

Vanquished Creatures (collateral kills)
  A tentacled monstrosity (Swamp:2)
  An ettin (Depths:2)
  A killer bee (D:9)
3 creatures vanquished.

Vanquished Creatures (others)
  A storm dragon (Depths:5)
  An ironheart preserver (Vaults:2)
  An alligator (Swamp:4)
  A thrashing horror (Abyss:4)
  A salamander mystic (Snake:4)
  A deep elf mage (Elf:1)
  An ugly thing (Swamp:2)
  A black mamba (Snake:3)
  A smoke demon (Abyss:4)
  A hornet (Swamp:1)
  A small abomination (Abyss:1)
  A human (Elf:1)
  A steam dragon (Volcano)
  A naga (Snake:4)
  A spatial vortex (Abyss:4)
  A killer bee (D:9)
  A boggart (Vaults:1)
  A bullfrog (D:7)
  An iron imp (Abyss:3)
  3 white imps
  5 ufetubi
  A kobold (D:12)
  A briar patch (Swamp:2)
  48 fungi
  3 lurking horrors
  42 plants
  2 spectral weapons
  32 starspawn tentacles
  A withered plant (D:11)
157 creatures vanquished.

Grand Total: 3007 creatures vanquished

Notes
Turn   | Place    | Note
-------+----------+-------------------------------------------
     0 | D:1      | Mesmaeker13 the Demigod Fighter began the quest for the
                  | Orb.
     0 | D:1      | Reached XP level 1. HP: 18/18 MP: 3/3
   165 | D:1      | Reached XP level 2. HP: 12/25 MP: 4/4
   275 | D:1      | Reached skill level 3 in Fighting
   835 | D:1      | Reached XP level 3. HP: 31/31 MP: 5/5
  1167 | D:2      | Noticed Terence
  1190 | D:2      | Killed Terence
  1358 | D:2      | Found a runed door.
  1657 | D:3      | Reached XP level 4. HP: 38/38 MP: 6/6
  1702 | D:3      | Found a glowing drain.
  1713 | Sewer    | Entered a sewer
  1743 | Sewer    | Noticed Purgy
  1750 | Sewer    | Killed Purgy
  1750 | Sewer    | Reached XP level 5. HP: 32/45 MP: 7/7
  2106 | D:3      | Noticed Sigmund
  2464 | D:3      | Killed Sigmund
  2464 | D:3      | Reached skill level 4 in Fighting
  2464 | D:3      | Reached XP level 6. HP: 43/52 MP: 8/8
  3319 | D:4      | Found a snail-covered altar of Cheibriados.
  3347 | D:4      | Noticed Grinder
  3886 | D:4      | Paralysed by Grinder for 4 turns
  3947 | D:4      | Killed Grinder
  3947 | D:4      | Reached XP level 7. HP: 55/60 MP: 9/9
  4387 | D:5      | Entered Level 5 of the Dungeon
  4669 | D:5      | Found a shattered altar of Ashenzari.
  4895 | D:5      | Reached skill level 5 in Armour
  4915 | D:5      | Reached skill level 5 in Fighting
  4932 | D:5      | Reached skill level 5 in Shields
  5107 | D:2      | Noticed Crazy Yiuf
  5114 | D:2      | Killed Crazy Yiuf
  5391 | D:6      | Reached XP level 8. HP: 34/68 MP: 10/10
  5550 | D:6      | Found a staircase to the Ecumenical Temple.
  5771 | D:7      | Reached skill level 5 in Long Blades
  5797 | D:7      | Got a pearl-encrusted chain mail
  5814 | D:7      | Identified the +4 chain mail of Greed {rF- Regen+ Dex+8
                  | Slay-4} (You found it on level 7 of the Dungeon)
  5832 | D:7      | Noticed Prince Ribbit
  5847 | Temple   | Entered the Ecumenical Temple
  6374 | D:6      | Found a burning altar of Makhleb.
  6374 | D:6      | Found a sacrificial altar of Ru.
  6379 | D:6      | Found a radiant altar of Vehumet.
  6381 | D:6      | Found a stormy altar of Qazlal.
  6383 | D:6      | Found a glowing golden altar of the Shining One.
  6945 | D:5      | Reached skill level 6 in Fighting
  7745 | D:8      | Noticed Grum
  8184 | D:7      | Reached XP level 9. HP: 75/75 MP: 11/11
  8761 | D:8      | Reached skill level 7 in Fighting
  9273 | D:9      | Reached XP level 10. HP: 67/86 MP: 13/13
  9410 | D:9      | Found a staircase to the Orcish Mines.
  9907 | D:10     | Entered Level 10 of the Dungeon
 10166 | D:10     | Noticed a centaur warrior
 10182 | D:10     | Killed a centaur warrior
 10182 | D:10     | Reached skill level 8 in Fighting
 10973 | D:11     | Noticed a manticore
 10974 | D:11     | Noticed a two-headed ogre
 10983 | D:11     | Killed a two-headed ogre
 10998 | D:11     | Killed a manticore
 11052 | D:11     | Found a large runed door.
 11053 | D:11     | Found a large runed door.
 11137 | D:11     | Reached XP level 11. HP: 88/95 MP: 14/14
 11196 | D:11     | Noticed Erica
 11237 | D:11     | Killed Erica
 11589 | D:11     | Reached skill level 9 in Fighting
 11590 | D:11     | Found a staircase to the Lair.
 12300 | Lair:1   | Entered Level 1 of the Lair of Beasts
 12373 | Lair:1   | Identified a scroll of acquirement
 12377 | Lair:1   | Got a faintly humming plate armour
 12825 | Lair:1   | Identified the +9 plate armour "Poirphuo" {rN+ Str+10 Int+3
                  | Stlth-} (You acquired it on level 1 of the Lair of Beasts)
 12841 | Lair:1   | Learned a level 2 spell: Song of Slaying
 12979 | Lair:2   | Reached skill level 1 in Charms
 13784 | Lair:3   | Reached XP level 12. HP: 102/105 MP: 15/15
 14034 | Lair:3   | Found a staircase to the Snake Pit.
 14064 | Lair:3   | Reached skill level 10 in Shields
 14305 | Lair:3   | Reached skill level 10 in Fighting
 14308 | Lair:3   | Found a staircase to the Swamp.
 14316 | Lair:3   | Reached skill level 10 in Armour
 14755 | Lair:4   | Reached skill level 10 in Long Blades
 14905 | Lair:4   | Noticed an eight-headed hydra
 14911 | Lair:4   | Killed a five-headed hydra
 15192 | Lair:4   | Noticed a six-headed hydra
 15197 | Lair:4   | Killed a one-headed hydra
 15423 | Lair:5   | Found a runed door.
 15424 | Lair:5   | Noticed lysyklops's ghost (journeyman MiFi)
 15436 | Lair:5   | Killed lysyklops's ghost
 15447 | Lair:5   | Got a smoking trident {pierce}
 15922 | Lair:5   | Found a dark tunnel.
 15987 | Lair:5   | Reached XP level 13. HP: 113/113 MP: 16/16
 16027 | Volcano  | Entered a volcano
 16047 | Volcano  | Reached skill level 5 in Charms
 16832 | Lair:6   | Entered Level 6 of the Lair of Beasts
 16832 | Lair:6   | Noticed Nessos
 16893 | Lair:6   | Reached skill level 11 in Fighting
 17033 | Lair:6   | Noticed Josephine
 17048 | Lair:6   | Killed Josephine
 17103 | Lair:6   | Found a runed gate.
 17104 | Lair:6   | Found a runed gate.
 17126 | Lair:6   | Found a runed gate.
 17151 | Lair:6   | Noticed toffzen's ghost (journeyman DgFE)
 17218 | Lair:5   | Killed Nessos
 17316 | Lair:6   | Noticed a dire elephant
 17371 | Lair:5   | Killed a dire elephant
 17950 | Lair:6   | Got an iridescent battleaxe
 18151 | Lair:6   | Killed toffzen's ghost
 18151 | Lair:6   | Reached XP level 14. HP: 122/123 MP: 17/17
 18326 | Lair:1   | Identified the +5 battleaxe "Roikh" {freeze, *Slow MP-9
                  | Str+10 Stlth+} (You found it on level 6 of the Lair of
                  | Beasts)
 19212 | D:13     | Found a hazy altar of Hepliaklqana.
 19277 | D:13     | Paralysed by an orc sorcerer for 6 turns
 20038 | D:14     | Reached skill level 12 in Fighting
 20080 | D:14     | Noticed Azrael
 20089 | D:14     | Killed Azrael
 20445 | D:14     | Found a gate to the Vaults.
 20545 | D:14     | Found a roughly hewn altar of Beogh.
 20766 | D:15     | Entered Level 15 of the Dungeon
 20780 | D:15     | Found a glowing golden altar of the Shining One.
 20914 | D:15     | Reached skill level 1 in Spellcasting
 21114 | D:15     | Found a staircase to the Depths.
 21298 | D:15     | Reached skill level 1 in Throwing
 21485 | D:15     | Reached XP level 15. HP: 133/133 MP: 21/21
 21665 | Orc:1    | Entered Level 1 of the Orcish Mines
 21665 | Orc:1    | Noticed Nergalle
 21681 | Orc:1    | Killed Nergalle
 21739 | Orc:2    | Entered Level 2 of the Orcish Mines
 22132 | Orc:1    | Noticed Gastronok
 22150 | Orc:1    | Killed Gastronok
 22185 | Orc:1    | Found Nuggumo's General Store.
 22192 | Orc:1    | Found Heitail's Distillery.
 22198 | Orc:1    | Bought a scroll of identify for 28 gold pieces
 22198 | Orc:1    | Bought 2 potions of heal wounds for 140 gold pieces
 22572 | Orc:2    | Found a staircase to the Elven Halls.
 22953 | Orc:2    | Found Ciedek's General Store.
 22953 | Orc:2    | Found Kehim's Jewellery Emporium.
 23408 | Orc:2    | Found Ruycai's General Store.
 23408 | Orc:2    | Found Nogov's Antique Weapon Emporium.
 23502 | Orc:2    | Found a roughly hewn altar of Beogh.
 23870 | Orc:2    | Bought a scroll of blinking for 90 gold pieces
 23902 | Orc:2    | Bought a scroll of brand weapon for 280 gold pieces
 23902 | Orc:2    | Bought a throwing net for 42 gold pieces
 23912 | Orc:2    | Bought a glowing scimitar for 231 gold pieces
 24155 | Swamp:1  | Entered Level 1 of the Swamp
 25238 | Swamp:2  | Noticed a tentacled monstrosity
 25469 | Swamp:2  | Reached skill level 13 in Fighting
 25643 | Swamp:2  | Found a transporter.
 25872 | Swamp:2  | Killed a tentacled monstrosity
 26074 | Swamp:2  | Noticed a thorn hunter
 26088 | Swamp:2  | Killed a thorn hunter
 26088 | Swamp:2  | Reached skill level 5 in Throwing
 26230 | Swamp:2  | Found a transporter.
 26233 | Swamp:2  | Found the +1 cloak of Starlight {rElec rC+ EV+4 Stlth--}
 26559 | Swamp:3  | Reached XP level 16. HP: 136/143 MP: 22/22
 26667 | Swamp:3  | Found a white marble altar of Elyvilon.
 27323 | Swamp:4  | Entered Level 4 of the Swamp
 28221 | Swamp:4  | Noticed a tentacled monstrosity
 28416 | Swamp:4  | Killed a tentacled monstrosity
 28965 | Swamp:4  | Got a decaying rune of Zot
 29257 | Lair:1   | Learned a level 3 spell: Spectral Weapon
 29370 | Snake:1  | Entered Level 1 of the Snake Pit
 29671 | Swamp:2  | Gained mutation: You tend to lose your temper in combat.
                  | [the power of Zot]
 29671 | Swamp:2  | Gained mutation: You occasionally shout uncontrollably at
                  | your foes. [the power of Zot]
 29693 | Swamp:2  | Paralysed by the power of Zot for 5 turns
 29700 | Swamp:2  | Lost mutation: You occasionally shout uncontrollably at
                  | your foes. [the power of Zot]
 29702 | Swamp:2  | Noticed an Ice Fiend
 29760 | Swamp:2  | Gained mutation: Your body sometimes deteriorates upon
                  | taking damage. [mutagenic glow]
 29967 | Snake:1  | Reached XP level 17. HP: 148/151 MP: 23/23
 29984 | Snake:1  | Lost mutation: You tend to lose your temper in combat.
                  | [potion of mutation]
 29984 | Snake:1  | Lost mutation: Your body sometimes deteriorates upon taking
                  | damage. [potion of mutation]
 29984 | Snake:1  | Gained mutation: Your system is resistant to poisons.
                  | (rPois) [potion of mutation]
 29984 | Snake:1  | Gained mutation: You are occasionally teleported next to
                  | monsters. [potion of mutation]
 29984 | Snake:1  | Gained mutation: You are dopey. (Int -2) [potion of
                  | mutation]
 29984 | Snake:1  | Gained mutation: You evolve. [potion of mutation]
 31558 | Snake:2  | Reached skill level 14 in Fighting
 31571 | Snake:2  | Found Fuos Box's Food Shop.
 32762 | Snake:3  | Reached XP level 18. HP: 156/160 MP: 24/24
 32842 | Snake:3  | Found Piyr's General Store.
 32855 | Snake:3  | Bought a scroll of teleportation for 57 gold pieces
 33705 | Snake:3  | Found Caihea Jukh's Gadget Shoppe.
 33705 | Snake:3  | Found Zueluczy's Jewellery Boutique.
 33706 | Snake:3  | Found Adgharghou's Jewellery Boutique.
 34037 | D:12     | Gained mutation: Your flesh is heat resistant. (rF+)
                  | [evolution]
 34079 | Depths:1 | Entered Level 1 of the Depths
 34118 | Depths:1 | Reached skill level 5 in Hexes
 34261 | Depths:1 | Noticed Saint Roka
 34595 | Depths:1 | Killed Saint Roka
 35053 | Depths:1 | Found a gateway to Hell.
 36048 | Depths:1 | Found a shimmering altar of Xom.
 36122 | Depths:2 | Reached skill level 15 in Shields
 36341 | Depths:2 | Reached skill level 15 in Armour
 36348 | Depths:2 | Reached skill level 15 in Fighting
 36474 | Depths:2 | Noticed Sojobo
 36522 | Depths:2 | Killed Sojobo
 37038 | Elf:1    | Entered Level 1 of the Elven Halls
 37038 | Elf:1    | Noticed Nikola
 37058 | Orc:2    | Killed Nikola
 37198 | Elf:1    | Reached XP level 19. HP: 156/170 MP: 25/25
 37680 | Elf:1    | Noticed Kirke
 37695 | Elf:1    | Killed Kirke
 38818 | Vaults:1 | Entered Level 1 of the Vaults
 38931 | Vaults:1 | Reached skill level 1 in Dodging
 39334 | Vaults:1 | Found a flickering gateway to a bazaar.
 39547 | Vaults:1 | Found Dapt's Distillery.
 39593 | Vaults:1 | Bought a potion of mutation for 136 gold pieces
 39594 | Vaults:1 | Lost mutation: You evolve. [potion of mutation]
 39594 | Vaults:1 | Lost mutation: You are occasionally teleported next to
                  | monsters. [potion of mutation]
 39594 | Vaults:1 | Lost mutation: You are dopey. (Int -2) [potion of mutation]
 39594 | Vaults:1 | Lost mutation: Your system is resistant to poisons. (rPois)
                  | [potion of mutation]
 39594 | Vaults:1 | Gained mutation: You can translocate small distances at
                  | will. [potion of mutation]
 39594 | Vaults:1 | Gained mutation: You have a considerably increased
                  | reservoir of magic. (+20% MP) [potion of mutation]
 39594 | Vaults:1 | Gained mutation: You are occasionally teleported next to
                  | monsters. [potion of mutation]
 39594 | Vaults:1 | Gained mutation: You evolve. [potion of mutation]
 39596 | Vaults:1 | Bought a potion of heal wounds for 85 gold pieces
 39698 | Vaults:1 | Reached skill level 16 in Fighting
 40359 | Bazaar   | Entered a bazaar
 40359 | Bazaar   | Found Pefoh's Armour Boutique.
 40359 | Bazaar   | Found Xeulix's Weapon Shop.
 40359 | Bazaar   | Found Suof's Armour Shop.
 40371 | Bazaar   | Got a smoking rapier
 40373 | Bazaar   | Bought the +3 pair of gauntlets of War {Slay+5} for 522
                  | gold pieces
 40373 | Bazaar   | Found the +3 pair of gauntlets of War {Slay+5}
 40500 | Lair:1   | Identified the +3 rapier of the King {chaos, MR+ Stlth+}
                  | (You found it in a bazaar)
 40541 | Lair:1   | Gained mutation: You are dopey. (Int -2) [evolution]
 40847 | Vaults:2 | Found Vodul's Food Shoppe.
 40924 | Vaults:2 | Reached skill level 1 in Evocations
 41310 | Vaults:2 | Noticed a Tzitzimitl
 41540 | Vaults:2 | HP: 6/172 [deep elf knight/stone arrow (25)]
 41849 | Vaults:2 | Reached XP level 20. HP: 159/182 MP: 32/32
 42203 | Vaults:2 | Found a staircase to the Crypt.
 42384 | Vaults:2 | Reached skill level 5 in Dodging
 42578 | Vaults:2 | Got a translucent jade ring
 42579 | Vaults:2 | Identified the ring "Mikhlek" {*Drain Str+4 Dex+4 Slay+3}
                  | (You acquired it on level 2 of the Vaults)
 42614 | Vaults:3 | Noticed Boris
 42746 | Vaults:3 | Noticed Mennas
 43136 | Vaults:3 | Found Gawn's Antique Armour Shoppe.
 43373 | Vaults:3 | Reached skill level 5 in Evocations
 43877 | Vaults:3 | Killed Mennas
 43879 | Vaults:3 | Got an ancient large shield
 43891 | Vaults:3 | Identified the cursed +0 large shield "Xijetsaz" {-Cast rN+
                  | Dex+8} (You took it off Mennas on level 3 of the Vaults)
 44762 | Vaults:4 | Reached skill level 17 in Fighting
 44915 | Vaults:4 | Killed Boris
 45229 | Vaults:4 | Reached XP level 21. HP: 96/191 MP: 33/33
 45625 | Vaults:4 | Lost mutation: You are dopey. (Int -2) [evolution]
 46323 | Lair:1   | Learned a level 3 spell: Regeneration
 46517 | Crypt:1  | Entered Level 1 of the Crypt
 46684 | Crypt:1  | Reached skill level 1 in Necromancy
 48081 | Crypt:3  | Entered Level 3 of the Crypt
 48213 | Crypt:3  | Noticed Xtahua
 48223 | Crypt:3  | Killed Xtahua
 48729 | Crypt:3  | Identified the Collected Works on Weightlessness
 48734 | Crypt:3  | Got a glittering ruby amulet
 48734 | Crypt:3  | Got a translucent brass ring
 48736 | Crypt:3  | Identified the amulet of Ixkeufal {Regen+ Str+2 Int+4} (You
                  | found it on level 3 of the Crypt)
 48996 | Crypt:3  | Identified the ring of Qucron {rElec rN+} (You found it on
                  | level 3 of the Crypt)
 49077 | Crypt:3  | Found a staircase to the Tomb.
 49403 | Crypt:3  | Identified Kikubaaqudgha's Reference Book on Evil Secrets
 49468 | Crypt:3  | Got a pair of ichor-stained gloves
 49480 | Crypt:3  | Identified the +1 pair of gloves "Gaubocum" {Str+4 Int+6}
                  | (You found it on level 3 of the Crypt)
 49515 | Crypt:3  | Noticed an ancient lich
 49524 | Crypt:3  | Killed an ancient lich
 49620 | Crypt:3  | Found an ancient bone altar of Kikubaaqudgha.
 49678 | Crypt:3  | Reached skill level 5 in Necromancy
 49718 | Crypt:3  | Noticed an ancient lich
 49738 | Crypt:3  | Killed an ancient lich
 50554 | Elf:2    | Found Qicacuobb's Food Boutique.
 50554 | Elf:2    | Noticed Utiaf's ghost (adept DECj)
 50572 | Elf:2    | Found a runed gate.
 50572 | Elf:2    | Found a runed gate.
 50572 | Elf:2    | Found a runed gate.
 50911 | Elf:2    | Found a huge runed gate.
 50911 | Elf:2    | Found a huge runed gate.
 50911 | Elf:2    | Found a huge runed gate.
 50911 | Elf:2    | Found a huge runed gate.
 50916 | Elf:2    | Found a huge runed gate.
 51122 | Elf:2    | Reached skill level 10 in Dodging
 51150 | Elf:2    | Reached skill level 18 in Fighting
 51653 | Elf:2    | Killed Utiaf's ghost
 51664 | Elf:2    | Reached XP level 22. HP: 197/202 MP: 35/35
 51717 | Elf:2    | Got a pair of warped boots
 51728 | Elf:2    | Identified the +0 pair of boots "Sicsuhoagoci" {*Corrode
                  | Str+4 Int+2} (You found it on level 2 of the Elven Halls)
 51786 | Elf:3    | Entered Level 3 of the Elven Halls
 51821 | Elf:3    | Found Saekhlyobb's Jewellery Boutique.
 51829 | Elf:3    | Bought the ring "Doisia" {rElec rC+ rN+ Str+3 Dex+6} for
                  | 931 gold pieces
 52130 | Elf:3    | Found a frozen archway.
 52134 | IceCv    | Entered an ice cave
 53772 | Elf:3    | Got a brightly glowing scale mail
 53794 | Elf:3    | Identified the Volume of Scorching Stones
 53799 | Elf:3    | Identified the cursed +1 scale mail "Irosuere" {*Corrode
                  | Regen+ Slay+3} (You took it off a deep elf high priest on
                  | level 3 of the Elven Halls)
 54298 | Depths:2 | Found a one-way gate to the infinite horrors of the Abyss.
 54360 | Depths:2 | Got a vibrating marble ring
 54362 | Depths:2 | Identified the ring "Zaessaq" {Str+4 Stlth+} (You found it
                  | on level 2 of the Depths)
 54375 | Depths:2 | Found a basalt altar of Yredelemnul.
 54765 | Depths:2 | Found a gateway to a ziggurat.
 54822 | Depths:2 | Got a smoking bone ring
 55052 | Depths:2 | Got a warped lapis lazuli ring
 55086 | Depths:2 | Identified the ring "Jasm" {*Tele +Inv rElec Str+4 Dex-5}
                  | (You found it on level 2 of the Depths)
 55087 | Depths:2 | Identified the ring "Jeinoy" {EV+4 Dex+3} (You found it on
                  | level 2 of the Depths)
 55494 | Snake:4  | Entered Level 4 of the Snake Pit
 55497 | Snake:4  | Noticed Louise
 55520 | Snake:4  | Killed Louise
 55625 | Snake:4  | Got a warped copper ring
 55717 | Snake:4  | Noticed Roxanne
 56427 | Snake:4  | Killed Roxanne
 56428 | Snake:4  | Identified Roxanne's Papyrus of Moulding (You took it off
                  | Roxanne on level 4 of the Snake Pit)
 56487 | Snake:4  | Reached XP level 23. HP: 211/211 MP: 36/36
 56491 | Snake:4  | Reached skill level 19 in Fighting
 56770 | Snake:4  | Identified the ring of Joel {Dex+2 Stlth+} (You found it on
                  | level 4 of the Snake Pit)
 56849 | Snake:4  | Reached skill level 10 in Necromancy
 56900 | Snake:4  | Got a serpentine rune of Zot
 57341 | Depths:2 | Gained mutation: You have a pair of small horns on your
                  | head. [evolution]
 57629 | Depths:3 | Learned a level 6 spell: Death Channel
 58212 | Depths:3 | Got a pair of encrusted boots
 58226 | Depths:3 | Identified the cursed -2 pair of boots of Tulips {rPois
                  | Str+2} (You found it on level 3 of the Depths)
 58508 | Depths:3 | Found a one-way gate leading to the halls of Pandemonium.
 58720 | Zig:1    | Entered Level 1 of a ziggurat
 58741 | Zig:2    | Entered Level 2 of a ziggurat
 58771 | Zig:2    | Lost mutation: Your flesh is heat resistant. (rF+) [potion
                  | of mutation]
 58771 | Zig:2    | Lost mutation: You can translocate small distances at will.
                  | [potion of mutation]
 58771 | Zig:2    | Lost mutation: You have a pair of small horns on your head.
                  | [potion of mutation]
 58771 | Zig:2    | Gained mutation: You are frail. (-10% HP) [potion of
                  | mutation]
 58771 | Zig:2    | Gained mutation: You are clumsy. (Dex -2) [potion of
                  | mutation]
 58771 | Zig:2    | Gained mutation: Your muscles are strong. (Str +2) [potion
                  | of mutation]
 58771 | Zig:2    | Gained mutation: Your system is resistant to poisons.
                  | (rPois) [potion of mutation]
 58777 | Zig:3    | Entered Level 3 of a ziggurat
 58823 | Zig:4    | Entered Level 4 of a ziggurat
 58866 | Zig:5    | Entered Level 5 of a ziggurat
 58870 | Zig:5    | Noticed a greater mummy
 58891 | Zig:5    | Killed a greater mummy
 58986 | Zig:5    | Got a coiled diamond amulet
 58990 | Zig:5    | Got a shimmering copper ring
 59021 | Zig:5    | Identified the ring of the Curious Cities {EV+1 Int+4
                  | Dex+2} (You found it on level 5 of a ziggurat)
 59076 | Zig:6    | Entered Level 6 of a ziggurat
 59169 | Zig:6    | Got distressingly furry steam dragon scales
 59184 | Zig:6    | Identified the amulet of Compassion {RegenMP rElec rPois}
                  | (You found it on level 5 of a ziggurat)
 59189 | Zig:7    | Entered Level 7 of a ziggurat
 59192 | Zig:7    | Noticed Foomuorch the pandemonium lord
 59859 | Depths:4 | Reached skill level 20 in Fighting
 60195 | Depths:4 | Reached XP level 24. HP: 196/201 MP: 36/36
 60197 | Depths:4 | Got a coiled granite ring
 60287 | Depths:4 | Noticed Jory
 60344 | Depths:4 | Killed Jory
 60387 | Depths:4 | Noticed Margery
 60410 | Depths:4 | Killed Margery
 60788 | Depths:5 | Entered Level 5 of the Depths
 61554 | Depths:5 | Found a gate to the Realm of Zot.
 61805 | Depths:5 | Identified the cursed ring of Pefah {rPois rF+ rN+ Str-3}
                  | (You took it off a vampire knight on level 4 of the Depths)
 61888 | Depths:4 | Voluntarily entered the Abyss.
 62285 | Abyss:2  | Paralysed by accursed screaming for 2 turns
 62422 | Abyss:3  | Found a blossoming altar of Fedhas.
 62461 | Abyss:3  | Gained mutation: You are dopey. (Int -2) [a neqoxec]
 62685 | Abyss:3  | Reached skill level 15 in Long Blades
 62976 | Abyss:3  | Found a corrupted altar of Lugonu.
 63050 | Abyss:3  | Found a corrupted altar of Lugonu.
 63068 | Abyss:3  | Found a corrupted altar of Lugonu.
 63413 | Abyss:3  | Gained mutation: Your body sometimes deteriorates upon
                  | taking damage. [a neqoxec]
 63452 | Abyss:4  | Reached skill level 21 in Fighting
 63829 | Abyss:4  | Reached XP level 25. HP: 184/211 MP: 36/36
 64363 | Abyss:4  | Gained mutation: You occasionally shout uncontrollably at
                  | your foes. [a neqoxec]
 64365 | Abyss:4  | Gained mutation: Scrolls take you a little longer to read.
                  | [a neqoxec]
 64565 | Abyss:4  | Reached skill level 5 in Spellcasting
 64581 | Abyss:4  | Paralysed by accursed screaming for 1 turns
 64684 | Abyss:4  | Reached skill level 22 in Fighting
 64928 | Abyss:5  | Entered Level 5 of the Abyss
 65013 | Depths:4 | Escaped the Abyss
 65407 | Swamp:2  | Got a fine amethyst amulet
 65421 | Swamp:2  | Got a scorched amber ring
 65429 | Swamp:2  | Got a transparent falchion
 65432 | Swamp:2  | Identified the ring of Alitivod {rC+ Dex+2 Slay+6} (You
                  | found it on level 2 of the Swamp)
 65433 | Swamp:2  | Identified the +6 falchion of Qioprom {slice, +Rage rPois
                  | rF++ Int-3} (You found it on level 2 of the Swamp)
 65792 | Lair:5   | Found a viscous altar of Jiyva.
 65792 | Lair:5   | Found a staircase to the Slime Pits.
 65798 | Slime:1  | Entered Level 1 of the Pits of Slime
 65832 | Slime:1  | Gained mutation: You are very dopey. (Int -4) [a shining
                  | eye]
 65848 | Slime:1  | Lost mutation: Your body sometimes deteriorates upon taking
                  | damage. [a shining eye]
 65852 | Slime:1  | Gained mutation: Your spells are easier to cast, but less
                  | powerful. [a shining eye]
 66344 | Vaults:5 | Entered Level 5 of the Vaults
 66904 | Vaults:5 | Noticed an ancient lich
 67185 | Vaults:5 | Got a polished helmet
 67214 | Vaults:5 | Identified the +1 helmet of Ucezureod {Slay+3} (You found
                  | it on level 5 of the Vaults)
 67368 | Vaults:5 | Reached XP level 26. HP: 224/224 MP: 44/44
 67551 | Vaults:5 | Lost mutation: You are frail. (-10% HP) [evolution]
 67726 | Vaults:5 | Found the ring of Robustness {AC+8}
 67732 | Vaults:5 | Identified Sif Muna's Grimoire of the Spheres
 67893 | Vaults:5 | Reached skill level 23 in Fighting
 67909 | Vaults:5 | Got a silver rune of Zot
 68151 | Vaults:4 | Killed an ancient lich
 68305 | Vaults:5 | Found Xayqu's Jewellery Boutique.
 68399 | Vaults:5 | Found Asicecle's Jewellery Emporium.
 68405 | Vaults:5 | Found Tajagg's Antique Armour Shop.
 68410 | Vaults:5 | Bought a distressingly furry chain mail for 218 gold pieces
 68435 | Vaults:5 | Reached skill level 10 in Spellcasting
 68958 | Lair:1   | Identified the +2 chain mail of Ecopnex {Dex+3} (You bought
                  | it in a shop on level 5 of the Vaults)
 68990 | Lair:1   | Identified the amulet "Mebi" {+Rage Dex+3} (You found it on
                  | level 2 of the Swamp)
 69260 | Zot:1    | Entered Level 1 of the Realm of Zot
 70218 | Zot:1    | HP: 3/376 [storm dragon/bolt of lightning (37)]
 70218 | Zot:1    | Mangled by a red draconian

Skill      XL: |  1  2  3  4  5  6  7  8  9 10 11 12 13 14 15 16 17 18 19 20 21 22 23 24 25 26 |
---------------+-------------------------------------------------------------------------------+-----
Long Blades    | 2 3 4 5 7 8 9 10 11 12 13 14 16 | 16.0
Fighting       | 3 4 5 6 7 8 9 10 11 12 13 14 15 16 17 18 20 21 22 23 | 23.4
Armour         | 3 4 5 6 7 8 9 10 11 12 13 14 15 16 17 18 19 20 21 22 | 22.3
Shields        | 3 4 5 6 7 8 9 10 11 12 13 14 15 | 15.0
Charms         | 2 4 6 8 |  8.0
Spellcasting   | 1 3 4 8 10 | 10.0
Throwing       | 1 5 6 7 |  7.0
Hexes          | 2 4 7 9 |  9.2
Dodging        | 4 7 10 12 13 14 | 14.1
Evocations     | 2 7 |  7.2
Necromancy     | 6 9 11 12 13 | 13.6

Action                   |  1- 3 |  4- 6 |  7- 9 | 10-12 | 13-15 | 16-18 | 19-21 | 22-24 | 25-27 || total
-------------------------+-------+-------+-------+-------+-------+-------+-------+-------+-------++-------
Melee: Long sword        |   156 |   199 |   328 |       |       |       |       |       |       ||   683
       Scimitar          |       |       |   377 |   463 |  1646 |  1438 |  2183 |       |       ||  6107
       Falchion          |       |       |       |   232 |       |       |       |       |       ||   232
       Demon blade       |       |       |       |       |       |       |   195 |  2223 |   980 ||  3398
       Headbutt          |       |       |       |       |       |       |       |   117 |       ||   117
       Double sword      |       |       |       |       |       |       |       |   698 |   560 ||  1258
 Fire: Blowgun           |       |       |     7 |       |       |       |       |       |       ||     7
Throw: Javelin           |     2 |     7 |    17 |    15 |     1 |       |       |     7 |     1 ||    50
       Throwing net      |       |       |     4 |       |     1 |       |       |     1 |       ||     6
       Tomahawk          |       |       |       |     3 |     5 |     3 |       |       |       ||    11
 Cast: Spectral Weapon   |       |       |       |       |       |     1 |       |     2 |     1 ||     4
       Regeneration      |       |       |       |       |       |       |       |     3 |    19 ||    22
 Abil: Blink             |       |       |       |       |       |       |     1 |       |       ||     1
Evoke: Wand              |       |       |     6 |     8 |    16 |     8 |       |       |       ||    38
       Lightning rod     |       |       |       |       |     2 |       |       |       |       ||     2
  Use: Potion            |       |     3 |     4 |     1 |     3 |    15 |    12 |     6 |    13 ||    57
       Scroll            |       |     5 |     7 |    12 |    17 |    16 |    23 |    22 |     7 ||   109
 Stab: Held in net/web   |       |       |     1 |       |       |       |       |       |       ||     1
       Paralysed         |       |       |       |    12 |       |       |       |       |       ||    12
       Distracted        |       |       |       |       |     1 |       |       |       |       ||     1
       Confused          |       |       |       |       |     1 |       |       |       |       ||     1
  Eat: Chunk             |     3 |     7 |    12 |    16 |    18 |    12 |    25 |    19 |     5 ||   117
       Ration            |       |       |     2 |     2 |     6 |     7 |     8 |     7 |     8 ||    40
Armor: Scale mail        |    81 |    53 |       |       |       |       |       |       |       ||   134
       Chain mail        |       |    49 |   400 |   151 |       |       |       |       |       ||   600
       Plate armour      |       |       |       |   200 |   904 |   669 |   814 |   758 |   564 ||  3909
Dodge: Dodged            |    50 |    48 |   204 |   155 |   355 |   269 |   623 |  1686 |  1082 ||  4472
Block: Shield            |    95 |   116 |   482 |   438 |  1025 |   904 |  1343 |  2123 |  1467 ||  7993
       Rpst.: Long sword |    18 |    14 |    26 |       |       |       |       |       |       ||    58
       Scimitar          |       |       |    35 |    31 |    88 |    55 |   119 |       |       ||   328
       Falchion          |       |       |       |     8 |       |       |       |       |       ||     8
       Demon blade       |       |       |       |       |       |       |    13 |   173 |   138 ||   324
       Double sword      |       |       |       |       |       |       |       |    75 |    52 ||   127
